 Dungeon Crawl Stone Soup version 0.22-a0-240-g539252a (webtiles) character file.

100 wazuzu the Magician (level 4, -10/30 HPs)
             Began as a Demonspawn Wizard on Feb 21, 2018.
             Killed from afar by Sigmund (12 damage)
             ... with a puff of flame
             ... on level 3 of the Dungeon.
             The game lasted 00:05:19 (2381 turns).

wazuzu the Magician (Demonspawn Wizard)             Turns: 2381, Time: 00:05:20

Health: -10/30     AC:  6    Str:  6 (7)  XL:     4   Next: 46%
Magic:  0/9        EV: 12    Int: 19 (20) God:
Gold:   100        SH:  0    Dex:  9 (12) Spells: 9/10 levels left

rFire    . . .     SeeInvis .   g - +0 dagger (venom)
rCold    . . .     Gourm    .   (no shield)
rNeg     . . .     Faith    .   a - +0 robe
rPois    .         Spirit   .   m - +0 helmet
rElec    .         Reflect  .   e - +1 cloak
rCorr    .         Harm     .   (no gloves)
MR       .....                  r - +0 pair of boots
Stlth    ++........             (no amulet)
HPRegen  0.10/turn              (no ring)
MPRegen  0.11/turn              (no ring)

@: very slightly contaminated
A: mutation resistance 1, powered by death 1
a: no special abilities


You were on level 3 of the Dungeon.
You were not hungry.

You visited 1 branch of the dungeon, and saw 3 of its levels.

You collected 100 gold pieces.

Inventory:

Hand Weapons
 g - a +0 dagger of venom (weapon)
Armour
 a - a +0 robe (worn)
 b - a +0 hat
 e - a +1 cloak (worn)
 m - a +0 helmet (worn)
 r - a +0 pair of boots (worn)
Jewellery
 f - an uncursed ring of ice
Scrolls
 i - a scroll of blinking
 k - 3 scrolls of remove curse
Potions
 d - 3 potions of magic
 h - a potion of degeneration
 n - a potion of resistance {unknown}
Comestibles
 c - 10 rations


   Skills:
 - Level 1.7 Dodging
 - Level 1.7 Stealth
 + Level 3.7 Spellcasting
 * Level 3.6 Conjurations
   Level 1.0 Summonings
   Level 0.8 Translocations


You had 9 spell levels left.
You knew the following spells:

 Your Spells              Type           Power        Failure   Level  Hunger
a - Magic Dart            Conj           ###.         3%          1    None


Dungeon Overview and Level Annotations

Branches:
Dungeon (3/15)

Altars:

Annotations:
D:3 Amnesiac's ghost, amateur SpAr; Sigmund


Innate Abilities, Weirdness & Mutations

You regenerate a little health from kills.
You are somewhat resistant to further mutation.


Message History

The magic dart hits something.
Something hits you but does no damage.
Casting: Magic Dart (safe; 3% risk of failure)
Confirm with . or Enter, or press ? or * to list all spells.
Aiming: Magic Dart (safe; 3% risk of failure)
Press: ? - help, Shift-Dir - straight line, f/p - hobgoblin
Aim: a hobgoblin The magic dart hits something.
Casting: Magic Dart (safe; 3% risk of failure)
Confirm with . or Enter, or press ? or * to list all spells.
Aiming: Magic Dart (safe; 3% risk of failure)
Press: ? - help, Shift-Dir - straight line, f/p - hobgoblin
Aim: a hobgoblin The magic dart hits something.
Something hits you.
* * * LOW HITPOINT WARNING * * *
A puff of flame appears from out of thin air!
The puff of flame misses you.
You see here a leather armour.
A puff of flame appears from out of thin air!
The puff of flame hits you!
You die...

#.......# ##.
#.).....# #..
######.#### ..
#.......# ..
#.......###### #.
#.......<.)..# #.
######.#####.#
###.#########.#
#....g{).[@...#
#...#.###########
#. #. #. #@ .. ..
.>


You could see a hobgoblin.

Vanquished Creatures
  3 adders (D:2)
  2 worms (D:2)
  2 dart slugs
  2 leopard geckos
  2 orcs
  5 bats
  2 giant cockroaches
  2 hobgoblins (D:2)
  6 jackals (D:2)
  A ball python (D:2)
  A frilled lizard (D:1)
  16 goblins
  5 kobolds
  5 rats
54 creatures vanquished.

Notes
Turn   | Place    | Note
-------+----------+-------------------------------------------
     0 | D:1      | wazuzu the Demonspawn Wizard began the quest for the Orb.
     0 | D:1      | Reached XP level 1. HP: 13/13 MP: 4/4
   400 | D:1      | Gained mutation: You regenerate a little health from kills. [demonic ancestry]
   400 | D:1      | Reached XP level 2. HP: 19/19 MP: 6/6
  1038 | D:2      | Reached XP level 3. HP: 24/24 MP: 1/7
  1496 | D:2      | Reached XP level 4. HP: 30/30 MP: 2/9
  2209 | D:3      | Noticed Amnesiac's ghost (amateur SpAr)
  2360 | D:3      | Noticed Sigmund
  2369 | D:3      | Gained mutation: You are somewhat resistant to further mutation. [potion of mutation]
  2379 | D:3      | HP: 1/30 [something (6)]
  2381 | D:3      | Killed from afar by Sigmund

Vault maps used:
D:1:      lemuel_arrival_funnel
D:2:      kennysheep_the_goblin_king, first_ration
D:3:      lemuel_coloured_pillars_altar, uniq_purgy, uniq_sigmund

Skill      XL: |  1  2  3 |
---------------+----------+-----
Conjurations   | 2 3 |  3.6
Dodging        | |  1.7
Stealth        | |  1.7
Spellcasting   | |  3.7
Summonings     | |  1.0
Translocations | |  0.8

Action                   |  1- 3 |  4- 6 || total
-------------------------+-------+-------++-------
Melee: Dagger            |    63 |     5 ||    68
 Cast: Magic Dart        |    56 |    56 ||   112
  Use: Scroll            |       |     6 ||     6
       Potion            |       |     3 ||     3
  Eat: Chunk             |     2 |     2 ||     4
Armor: Robe              |    23 |     2 ||    25
Dodge: Dodged            |    59 |     8 ||    67

Table legend:
 A = Spawn XP
 B = Non-spawn XP
 C = Spawn XP percentage of total XP
 D = Spawn monster count
 E = Non-spawn monster count
 F = Spawn count percentage of total count
 G = Total turns spent on level
                    A         B        C        D         E        F      G
               +---------+---------+-------+---------+---------+-------+---------
         Total |       0 |     143 |   0.0 |       0 |      54 |   0.0 |  2381
               +---------+---------+-------+---------+---------+-------+---------
           D:1 |       0 |      22 |   0.0 |       0 |      12 |   0.0 |   831
           D:2 |       0 |     101 |   0.0 |       0 |      32 |   0.0 |  1281
           D:3 |       0 |      20 |   0.0 |       0 |      10 |   0.0 |   269
               +---------+---------+-------+---------+---------+-------+---------
